 Dungeon Crawl Stone Soup version 0.31-a0-175-g9f7f995f2b (webtiles) character file.

Game seed: 6715284482352908986

165586 qw the Severer (level 17, -1/92 HPs)
             Began as a Gargoyle Fighter on June 16, 2023.
             Was a High Priest of Okawaru.
             Killed from afar by a starcursed mass (9 damage)
             ... with an accursed screaming
             ... on level 3 of the Abyss.
             The game lasted 00:18:30 (28397 turns).

qw the Severer (Gargoyle Fighter)                  Turns: 28397, Time: 00:18:30

Health: -1/92      AC: 51    Str: 37    XL:     17   Next: 88%
Magic:  23/24      EV: 11    Int: 10    God:    Okawaru [*****.]
Gold:   1587       SH: 14    Dex:  7    Spells: 16/16 levels left

rFire   + . .        n - +10 broad axe of the Other Side {protect, Fly Str+4 Dex-5}
rCold   + + +        s - +0 kite shield
rNeg    + . .        K - +3 plate armour {rF+}
rPois   inf          o - +5 hat of Anech {rF- Will+ Str+4 Dex+3}
rElec   +            a - scarf {rC+ rF+}
rCorr   .            h - +3 pair of gloves of Light {rC++}
SInv    .            J - +0 pair of boots
Will    ++...        b - amulet of faith Stlth
                     A - +4 ring of protection
HPRegen 0.35/turn    r - +6 ring of strength
MPRegen 0.19/turn

%: faith
@: heroic, under a protective aura, flying, unable to read, unable to drink
A: sickness immunity, AC +12, big wings, negative energy resistance 1,
electricity resistance, torment resistance 1, petrification resistance,
[deformed body], [frail 2], [screaming 1], [weak 2], [subdued magic 1],
[inability to drink after injury 2], [inability to read after injury 2]
a: Renounce Religion, Heroism, Finesse, Duel


You were on level 3 of the Abyss.
You worshipped Okawaru.
Okawaru was extremely pleased with you.
You visited 6 branches of the dungeon, and saw 29 of its levels.
You visited the Abyss 1 time.
You also visited: Sewer and Gauntlet.

You collected 3403 gold pieces.
You spent 1816 gold pieces at shops.


Innate Abilities, Weirdness & Mutations

You are immune to sickness and miasma.
Your stone body is resilient. (AC +12)
You are immune to poison.
Your large and strong wings let you fly.
You resist negative energy. (rN+)
You are resistant to electric shocks. (rElec)
You are resistant to unholy torment.
You are immune to petrification.
[Armour fits poorly on your strangely shaped body.]
[You are very frail. (-20% HP)]
[You occasionally shout uncontrollably at your foes.]
[You are very weak. (Str -4)]
[Your spells are a little easier to cast, but a little less powerful.]
[You sometimes lose the ability to drink potions when taking damage.]
[You sometimes lose the ability to read scrolls when taking damage.]


   Skills:
 - Level 15.9(20.9) Fighting
 + Level 17.2(22.2) Axes
 - Level 7.0(12.0) Throwing
 - Level 13.0(18.0) Armour
 - Level 5.0(10.0) Dodging
 - Level 15.0(20.0) Shields
 - Level 10.0 Invocations


You had 16 spell levels left.
You didn't know any spells.
Your spell library was empty.

Inventory:

Hand Weapons
 n - the +10 broad axe of the Other Side (weapon) {protect, Fly Str+4 Dex-5}
   (You found it on level 3 of the Snake Pit)

   Str:       It affects your strength (+4).
   Dex:       It affects your dexterity (-5).
   Fly:       It grants you flight.
 H - a +2 broad axe of electrocution
 L - the +5 morningstar of Qilohuqoth {freeze, rElec}
   (You bought it in a shop on level 2 of the Orcish Mines)

   rElec:     It insulates you from electricity.
Missiles
 v - 19 javelins (quivered)
Armour
 a - a scarf of resistance (worn)
 h - the +3 pair of gloves of Light (worn) {rC++}
   (Okawaru gifted it to you on level 5 of the Lair of Beasts)

   rC:        It greatly protects you from cold.
 i - +0 acid dragon scales
 m - a +0 cloak
 o - the +5 hat of Anech (worn) {rF- Will+ Str+4 Dex+3}
   (You acquired it on level 7 of the Dungeon)

   Str:       It affects your strength (+4).
   Dex:       It affects your dexterity (+3).
   rF:        It makes you vulnerable to fire.
   Will:      It increases your willpower.
 s - a +0 kite shield (worn)
 B - the +0 helmet of Cecitoic {rN+}
   (You found it in a Gauntlet)

   rN:        It protects you from negative energy.
 F - a +3 chain mail of cold resistance
 J - a +0 pair of boots (worn)
 K - a +3 plate armour of fire resistance (worn)
Jewellery
 b - an amulet of faith (around neck)
 f - a ring of protection from fire
 p - a ring of ice
 r - a +6 ring of strength (right hand)
 w - an amulet of reflection
 A - a +4 ring of protection (left hand)
 I - a ring of resist corrosion
 M - the ring "Gefrauca" {Ice Will+}
   (You bought it in a shop on level 2 of the Orcish Mines)

   [ring of ice]

   It enhances your ice magic.
   rF:        It makes you vulnerable to fire.
   rC:        It protects you from cold.
   Will:      It increases your willpower.
Wands
 y - a wand of digging (13)
Scrolls
 j - 16 scrolls of identify
 q - 13 scrolls of teleportation
Potions
 c - 3 potions of resistance
 d - 8 potions of might
 e - 14 potions of attraction
 g - 7 potions of haste
 k - 14 potions of curing
 l - 8 potions of mutation
 t - 2 potions of cancellation
 u - 5 potions of heal wounds
 D - 5 potions of lignification

Dungeon Overview and Level Annotations

Branches:
Dungeon (15/15)            Temple (1/1) D:4            Lair (5/5) D:8
  Swamp (3/4) Lair:3        Snake (3/4) Lair:3        Slime (0/5) Lair:4
    Orc (2/2) D:11            Elf (0/3) Orc:2        Vaults (0/5) D:13
 Depths (0/4) D:15          Sewer (visited)         Gauntlet (visited)

Altars:
Ashenzari
Cheibriados
Dithmenos
Elyvilon
Fedhas
Gozag
Hepliaklqana
Kikubaaqudgha
Makhleb
Nemelex Xobeh
Okawaru
Qazlal
Ru
Sif Muna
Trog
Uskayaw
Vehumet
Wu Jian
Xom
Yredelemnul
Zin
The Shining One
Jiyva

Shops:
D:2 !   D:3 [   D:12 [   Orc:2 (=!((

Portals:
Trove: D:15 (give +6 ice dragon scales)

Annotations:
D:1 exclusion: 3 goblins
D:3 3 runed translucent doors, qw's ghost, weakling NaHu
D:4 3 runed translucent doors, qw's ghost, amateur GrHu
D:7 1 runed translucent door, Crazy Yiuf
Lair:1 1 runed translucent door, qw's ghost, novice NaHu
Lair:3 3 runed translucent doors, qw's ghost, journeyman GrHu
Lair:4 1 runed translucent door
Swamp:3 3 runed translucent doors, Matygoc's ghost, adept HaSk
Snake:3 4 transporters, Louise


Message History

The bone dragon tramples you but does no damage.
You slice the bone dragon!!
You destroy the bone dragon!
Okawaru accepts your kill.
You slice the starcursed mass!! You slash the starcursed mass!
You hit the wretched star but do no damage.
The starcursed mass shudders and is absorbed by its neighbour.
The starcursed mass shudders and withdraws towards its neighbour.
You feel the corruption within you wane somewhat.
Your connection to magic feels less subdued.
Your urge to scream lessens.
You feel robust.
You completely miss the wretched star.
The wretched star is moderately damaged.
A chorus of shrieks assaults your mind.
You completely miss the wretched star.
The wretched star is moderately damaged.
A starcursed mass splits.
You slice the starcursed mass!!
The starcursed mass is almost destroyed.
You hit the wretched star.
The starcursed mass shudders and is absorbed by its neighbour.
The wretched star glows turbulently.
The lance of force hits you!
You are knocked back by the lance of force.
You slam into the crystal wall!
You open the wretched star like a pillowcase!!!
You destroy the wretched star!
Okawaru accepts your kill.
You hear a shout!
An angel comes into view. It is wielding a +3 whip of holy wrath.
You slice the starcursed mass!!
The starcursed mass is almost destroyed.
The starcursed mass shudders and withdraws towards its neighbour.
You slash the starcursed mass!
You destroy the starcursed mass!
Okawaru accepts your kill.
A wraith comes into view.
A starcursed mass splits.
A chorus of shrieks assaults your mind.
You die...

#.# ##. .# ..
#..# . . W.
##..A# # ....
.#..... #..#..
#..... ...
##.#.###..# #
...#..XX...~.#
#.#.##..@# # ~
#....#.#.## ~
## . # #
..###.. . #.#
#.## ~# ¤¤.
##... ##...#7
# . #.....#
....~# # .....
.. .. ..##. .
.#... #.. ...
. .. # . .###
.# # .


You could see 2 starcursed masses, an angel and a wraith.

Vanquished Creatures
  Mara (Snake:3)
  Saint Roka (Snake:3)
  A bone dragon (Abyss:3)
  Jorgrun (D:14)
  Rupert (Snake:1)
  A thorn hunter (Swamp:1)
  3 bunyips
  4 eleionomae
  A minotaur (Gauntlet)
  2 starcursed masses (Abyss:3)
  Snorg (D:10)
  2 fire dragons
  A rakshasa (Abyss:3)
  An ogre mage (D:15)
  10 anacondas
  2 ghost crabs (Swamp:2)
  11 hydras
  3 catoblepae
  4 centaur warriors (D:15)
  6 death yaks (Lair:5)
  A spriggan skeleton (D:15)
  8 two-headed ogres
  9 alligators
  2 tengu warriors
  8 naga warriors
  2 boulder beetles
  7 shock serpents
  6 naga sharpshooters
  A vampire mage (D:15)
  An orc high priest (Orc:2)
  Sonja (D:10)
  2 wretched stars (Abyss:3)
  2 salamander mystics (Snake:3)
  3 skysharks (Lair:5)
  A skeletal warrior (D:15)
  A goliath frog (Swamp:1)
  2 sea snakes (Snake:1)
  2 swamp dragons
  3 naga ritualists
  2 bog bodies (Swamp:3)
  A glowing orange brain (Abyss:3)
  Pikel (D:6)
  3 spriggan druids
  A necromancer (D:15)
  A golden dragon skeleton (D:15)
  A wizard (D:15)
  An orc knight (Orc:2)
  A deep elf pyromancer (D:12)
  A wolf spider (Lair:5)
  7 orc sorcerers
  4 manticores
  2 cyclopes
  8 mana vipers
  A frost giant zombie (D:15)
  10 salamanders
  3 will-o-the-wisps
  3 ugly things
  Joseph (D:10)
  36 black mambas
  13 naga magi
  6 guardian serpents
  2 gargoyles (D:12)
  13 cane toads
  A smoke demon (Abyss:3)
  An orange demon (Abyss:3)
  2 unseen horrors
  A yaktaur (shapeshifter) (D:14)
  3 rime drakes (Lair:5)
  A tengu conjurer (D:15)
  3 komodo dragons
  8 trolls
  A guardian mummy (D:15)
  An ancient zyme (Abyss:3)
  2 bloated husks (Swamp:2)
  2 polar bears
  6 tyrant leeches
  A tarantella (shapeshifter) (D:13)
  3 large abominations (Abyss:3)
  A spriggan zombie (D:15)
  13 hornets
  4 dream sheep (Lair:5)
  6 blink frogs
  A slime creature (D:7)
  2 centaur simulacra (Gauntlet)
  5 flying skulls (Gauntlet)
  8 spriggans (Swamp:2)
  3 shadows
  16 wyverns
  2 spriggans (shapeshifter)
  51 yaks
  6 basilisks
  A basilisk (shapeshifter) (D:15)
  2 chaos spawn (Abyss:3)
  A neqoxec (Abyss:3)
  2 steam dragons (Lair:5)
  8 vampire mosquitoes
  4 wargs
  15 swamp worms
  18 nagas
  Edmund (D:6)
  3 acid dragons
  19 water moccasins
  A floating eye (shapeshifter) (D:13)
  A meliai simulacrum (Gauntlet)
  5 black bears
  A swamp drake (Lair:5)
  25 orc warriors
  3 ice beasts
  An ice dragon simulacrum (Gauntlet)
  17 centaurs
  9 ogres
  5 boggarts (D:15)
  6 wolves (Lair:1)
  Blork the orc (D:6)
  4 kobold brigands
  A phantom (D:11)
  3 gnoll sergeants
  8 bullfrogs
  6 scorpions
  5 wights
  A troll zombie (D:11)
  10 killer bees
  9 howler monkeys
  A vampire bat (Lair:4)
  3 electric eels
  A quasit (Abyss:3)
  4 gnoll boudas
  2 jellies (D:7)
  5 hounds (D:5)
  29 orc priests
  3 sleepcaps
  9 iguanas
  39 orc wizards
  9 hell rats
  7 ogre zombies (D:11)
  A small abomination (Abyss:3)
  32 gnolls
  8 adders
  5 river rats (Sewer)
  A shadow imp (D:7)
  13 white imps
  An ufetubus (D:5)
  3 worms
  A dart slug (D:3)
  72 orcs
  2 endoplasms
  5 giant cockroaches
  17 goblins
  7 hobgoblins
  A jackal (Sewer)
  20 kobolds
  5 quokkas
  17 ball pythons
  18 bats
  9 frilled lizards
  A goblin skeleton (D:11)
  4 goblin zombies (D:11)
  4 hobgoblin skeletons (D:11)
  3 hobgoblin zombies (D:11)
  13 orc zombies (D:11)
  13 rats
979 creatures vanquished.

Vanquished Creatures (others)
  A hornet (Swamp:2)
  An orc (D:7)
  4 foxfires
  3 spectral weapons
9 creatures vanquished.

Grand Total: 988 creatures vanquished

Notes
Turn   | Place    | Note
-------+----------+-------------------------------------------
     0 | D:1      | qw the Gargoyle Fighter began the quest for the Orb.
     0 | D:1      | Reached XP level 1. HP: 14/14 MP: 1/1
     0 | D:1      | 0 ||| qw: Version: 0.2-a-29-g511e9b1
     0 | D:1      | 0 ||| qw: Game counter: 22
     0 | D:1      | 0 ||| qw: Always use a shield: true
     0 | D:1      | 0 ||| qw: God list: Okawaru
     0 | D:1      | 0 ||| qw: Allow faded altars: false
     0 | D:1      | 0 ||| qw: Do Orc after D:15 true
     0 | D:1      | 0 ||| qw: Do second Lair branch before Depths: true
     0 | D:1      | 0 ||| qw: Lair rune preference: random
     0 | D:1      | 0 ||| qw: Plans: Normal, Zot:1-4, Slime:5, God:TSO, Crypt,
                  | Tomb, Abyss, Pan, Hells, Win
     0 | D:1      | 0 ||| PLANNING D:1-11
    10 | D:1      | Reached skill level 2 in Axes
    98 | D:1      | Reached XP level 2. HP: 18/19 MP: 2/2
   302 | D:1      | Reached skill level 3 in Axes
   315 | D:1      | 315 ||| DROPPING +0 club.
   339 | D:1      | Reached XP level 3. HP: 18/23 MP: 3/3
   414 | D:1      | 414 ||| Stepping ~*~*~tactically~*~*~ (hiding).
   832 | D:1      | 832 ||| Stepping ~*~*~tactically~*~*~ (stealth).
   882 | D:2      | 882 ||| Stepping ~*~*~tactically~*~*~ (stealth).
   890 | D:2      | 890 ||| STAIRDANCE
  1004 | D:2      | Found Gigh's Distillery.
  1028 | D:2      | 1028 ||| SHOPLISTING 2 potions of haste (200 gold, have
                  | 76).
  1028 | D:2      | 1028 ||| BUYING potion of curing (30 gold).
  1028 | D:2      | Bought a potion of curing for 30 gold pieces
  1028 | D:2      | 1028 ||| BUYING potion of curing (30 gold).
  1028 | D:2      | Bought a potion of curing for 30 gold pieces
  1028 | D:2      | 1028 ||| SHOPLISTING potion of heal wounds (50 gold, have
                  | 16).
  1028 | D:2      | 1028 ||| SHOPLISTING potion of lignification (30 gold, have
                  | 16).
  1028 | D:2      | 1028 ||| SHOPLISTING potion of magic (80 gold, have 16).
  1111 | D:2      | Reached XP level 4. HP: 28/28 MP: 4/4
  1137 | D:2      | Reached skill level 4 in Axes
  1169 | D:2      | 1169 ||| Stepping ~*~*~tactically~*~*~ (stealth).
  1282 | D:2      | Found a faded altar of an unknown god.
  1626 | D:2      | 1626 ||| READING scroll labelled ACZI FISOENIL.
  1627 | D:2      | 1627 ||| READING scroll labelled QUARHEKHLIRGH.
  1628 | D:2      | 1628 ||| READING scroll labelled JONERPHOVOE.
  1629 | D:2      | 1629 ||| READING scroll labelled BUBELEN SEREUT.
  1629 | D:2      | Identified a scroll of acquirement
  1629 | D:2      | 1629 ||| ACQUIRING scarf of resistance
  1629 | D:2      | Acquired a scarf of resistance
  1631 | D:2      | 1631 ||| UPGRADING to scarf of resistance.
  1636 | D:2      | 1636 ||| DRINKING 2 viscous amethyst potions.
  1637 | D:2      | 1637 ||| DRINKING 2 glowing ruby potions.
  1681 | D:3      | 1681 ||| Stepping ~*~*~tactically~*~*~ (stealth).
  1749 | D:3      | 1749 ||| Stepping ~*~*~tactically~*~*~ (hiding).
  1761 | D:3      | Found Tinox's Armour Emporium.
  1769 | D:3      | 1769 ||| SHOPLISTING +0 chain mail (58 gold, have 57).
  1769 | D:3      | 1769 ||| SHOPLISTING +0 chain mail of the Tormentor {rC+
                  | rN+} (295 gold, have 57).
  1769 | D:3      | 1769 ||| SHOPLISTING +0 pair of gloves (58 gold, have 57).
  1769 | D:3      | 1769 ||| SHOPLISTING +0 plate armour (299 gold, have 57).
  1769 | D:3      | 1769 ||| SHOPLISTING +2 scale mail "Owisokk" {+Blink} (364
                  | gold, have 57).
  1791 | D:3      | Identified the +2 leather armour of Keulomuw {rCorr Str+2}
  1843 | D:3      | HP: 1/28 [orc priest/divine providence (10)]
  1844 | D:3      | 1844 ||| FLEEEEING.
  1845 | D:3      | 1845 ||| FLEEEEING.
  1846 | D:3      | 1846 ||| FLEEEEING.
  1851 | D:3      | 1851 ||| FLEEEEING.
  1852 | D:3      | 1852 ||| FLEEEEING.
  1853 | D:3      | 1853 ||| FLEEEEING.
  1854 | D:3      | 1854 ||| FLEEEEING.
  1858 | D:3      | 1858 ||| FLEEEEING.
  1862 | D:3      | 1862 ||| STAIRDANCE
  1954 | D:2      | 1954 ||| READING scroll labelled XIZOMOANNI.
  1955 | D:2      | 1955 ||| READING 2 scrolls labelled ZEQ MEPHOESK.
  1956 | D:2      | 1956 ||| DRINKING 2 puce potions.
  1960 | D:3      | 1960 ||| STAIRDANCE
  1960 | D:3      | HP: 6/28 [orc priest/divine providence (10)]
  1962 | D:2      | 1962 ||| DRINKING potion of heal wounds.
  1970 | D:2      | Reached XP level 5. HP: 19/32 MP: 5/5
  2196 | D:3      | 2196 ||| Stepping ~*~*~tactically~*~*~ (hiding).
  2210 | D:3      | Reached skill level 5 in Axes
  2227 | D:3      | 2227 ||| Stepping ~*~*~tactically~*~*~ (stealth).
  2229 | D:3      | 2229 ||| Stepping ~*~*~tactically~*~*~ (stealth).
  2231 | D:3      | 2231 ||| Stepping ~*~*~tactically~*~*~ (hiding).
  2233 | D:3      | 2233 ||| Stepping ~*~*~tactically~*~*~ (hiding).
  2234 | D:3      | 2234 ||| Stepping ~*~*~tactically~*~*~ (hiding).
  2235 | D:3      | 2235 ||| Stepping ~*~*~tactically~*~*~ (hiding).
  2241 | D:3      | 2241 ||| STAIRDANCE
  2309 | D:2      | 2309 ||| DROPPING +0 mace.
  2310 | D:2      | 2310 ||| UPGRADING to +0 chain mail.
  2320 | D:2      | 2320 ||| DROPPING +0 scale mail.
  2321 | D:2      | 2321 ||| READING scroll labelled USHILIKHLOAV.
  2332 | D:3      | 2332 ||| STAIRDANCE
  2447 | D:3      | Found a runed translucent gate.
  2452 | D:3      | Found a runed translucent gate.
  2452 | D:3      | Noticed qw's ghost (weakling NaHu)
  2453 | D:3      | Found a runed translucent gate.
  2454 | D:3      | Identified the +0 ring mail of the Hidden Vale {Will+
                  | Regen+}
  2785 | D:3      | 2785 ||| Stepping randomly (stuck).
  2855 | D:4      | Found a staircase to the Ecumenical Temple.
  2856 | D:4      | 2856 ||| PLANNING TEMPLE
  2873 | Temple   | Entered the Ecumenical Temple
  3016 | Temple   | 3016 ||| PLANNING OKAWARU WORSHIP
  3047 | Temple   | Became a worshipper of Warmaster Okawaru
  3048 | Temple   | 3048 ||| PLANNING D:1-11
  3081 | D:4      | Found a runed translucent gate.
  3081 | D:4      | Found a runed translucent gate.
  3081 | D:4      | Found a runed translucent gate.
  3166 | D:4      | 3166 ||| Stepping ~*~*~tactically~*~*~ (hiding).
  3259 | D:4      | Reached XP level 6. HP: 32/38 MP: 6/6
  3309 | D:4      | 3309 ||| Stepping ~*~*~tactically~*~*~ (hiding).
  3310 | D:4      | 3310 ||| Stepping ~*~*~tactically~*~*~ (hiding).
  3322 | D:4      | 3322 ||| Stepping ~*~*~tactically~*~*~ (stealth).
  3503 | D:4      | Noticed a black bear
  3513 | D:4      | Killed a black bear
  3514 | D:4      | Reached skill level 6 in Axes
  3533 | D:4      | 3533 ||| Stepping ~*~*~tactically~*~*~ (stealth).
  3707 | D:4      | Noticed qw's ghost (amateur GrHu)
  3709 | D:4      | 3709 ||| UPGRADING to +6 ring of dexterity.
  3710 | D:4      | 3710 ||| UPGRADING to +6 ring of strength.
  3711 | D:4      | 3711 ||| READING 3 scrolls labelled KYRIOFA BUTSA.
  3747 | D:4      | 3747 ||| READING 7 scrolls of identify.
  3747 | D:4      | 3747 ||| IDENTIFYING fuming red potion
  3748 | D:4      | 3748 ||| READING 6 scrolls of identify.
  3748 | D:4      | 3748 ||| IDENTIFYING bubbling red potion
  3749 | D:4      | 3749 ||| DROPPING potion of enlightenment.
  3750 | D:4      | 3750 ||| DROPPING potion of brilliance.
  3772 | D:5      | Entered Level 5 of the Dungeon
  3800 | D:5      | 3800 ||| Stepping ~*~*~tactically~*~*~ (stealth).
  3801 | D:5      | 3801 ||| Stepping ~*~*~tactically~*~*~ (stealth).
  3809 | D:5      | Reached * piety under Okawaru
  3810 | D:5      | Reached skill level 1 in Dodging
  3810 | D:5      | 3810 ||| INVOKING Heroism.
  3811 | D:5      | 3811 ||| INVOKING Heroism.
  3816 | D:5      | HP: 9/38 [hound (2)]
  3817 | D:5      | 3817 ||| READING 2 scrolls of teleportation.
  3820 | D:5      | Reached XP level 7. HP: 8/43 MP: 4/7
  3823 | D:5      | 3823 ||| READING scroll of teleportation.
  3981 | D:5      | Reached skill level 1 in Invocations
  4002 | D:5      | Reached skill level 7 in Axes
  4017 | D:5      | 4017 ||| INVOKING Heroism.
  4045 | D:5      | 4045 ||| INVOKING Heroism.
  4046 | D:5      | 4046 ||| INVOKING Heroism.
  4050 | D:5      | Reached skill level 3 in Invocations
  4050 | D:5      | Reached XP level 8. HP: 48/48 MP: 6/10
  4113 | D:5      | 4113 ||| READING scroll of enchant weapon.
  4113 | D:5      | 4113 ||| ENCHANTING +1 war axe.
  4128 | D:5      | 4128 ||| INVOKING Heroism.
  4330 | D:5      | Reached skill level 1 in Throwing
  4347 | D:5      | 4347 ||| READING scroll of enchant weapon.
  4347 | D:5      | 4347 ||| ENCHANTING +2 war axe.
  4375 | D:5      | 4375 ||| INVOKING Heroism.
  4422 | D:5      | Found a shimmering blue altar of Sif Muna.
  4453 | D:5      | Found a sacrificial altar of Ru.
  4575 | D:5      | 4575 ||| UPGRADING to +0 kite shield.
  4585 | D:5      | 4585 ||| DROPPING +0 buckler.
  4586 | D:5      | 4586 ||| UPGRADING to amulet of the acrobat.
  4591 | D:5      | 4591 ||| READING scroll labelled FENIJI MUE.
  4592 | D:5      | 4592 ||| READING 6 scrolls of identify.
  4592 | D:5      | 4592 ||| IDENTIFYING red potion
  4625 | D:6      | 4625 ||| PLANNING SEWER
  4642 | D:6      | Noticed Edmund
  4644 | D:6      | 4644 ||| INVOKING Heroism.
  4645 | D:6      | Noticed Pikel
  4646 | D:6      | 4646 ||| Stepping ~*~*~tactically~*~*~ (stealth).
  4657 | D:6      | Killed Edmund
  4660 | D:6      | Killed Pikel
  4660 | D:6      | Reached ** piety under Okawaru
  4661 | D:6      | Reached XP level 9. HP: 43/54 MP: 12/12
  4699 | D:6      | 4699 ||| DROPPING +0 flail.
  4750 | D:6      | Found a glowing drain.
  4761 | Sewer    | Entered a sewer
  4938 | Sewer    | 4938 ||| Stepping ~*~*~tactically~*~*~ (water).
  5038 | Sewer    | 5038 ||| Stepping ~*~*~tactically~*~*~ (water).
  5307 | Sewer    | 5307 ||| READING scroll labelled QEDOIPHAA.
  5308 | Sewer    | 5308 ||| READING scroll labelled CEUZAPT QEMUSTRAU.
  5309 | Sewer    | 5309 ||| READING 2 scrolls labelled TIMENU NOGUUCK.
  5310 | Sewer    | 5310 ||| READING 5 scrolls of identify.
  5310 | Sewer    | 5310 ||| IDENTIFYING clear potion
  5311 | Sewer    | 5311 ||| DROPPING scroll of fear.
  5316 | D:6      | 5316 ||| PLANNING D:1-11
  5530 | D:6      | 5530 ||| INVOKING Heroism.
  5533 | D:6      | Reached skill level 3 in Dodging
  5811 | D:6      | 5811 ||| Stepping ~*~*~tactically~*~*~ (stealth).
  5813 | D:6      | 5813 ||| INVOKING Heroism.
  5816 | D:6      | Reached skill level 8 in Axes
  5816 | D:6      | 5816 ||| Stepping ~*~*~tactically~*~*~ (hiding).
  5840 | D:6      | 5840 ||| FLEEEEING.
  5841 | D:6      | 5841 ||| FLEEEEING.
  5842 | D:6      | 5842 ||| FLEEEEING.
  5843 | D:6      | 5843 ||| FLEEEEING.
  5844 | D:6      | 5844 ||| FLEEEEING.
  5845 | D:6      | 5845 ||| FLEEEEING.
  5846 | D:6      | 5846 ||| FLEEEEING.
  5847 | D:6      | 5847 ||| FLEEEEING.
  5848 | D:6      | 5848 ||| FLEEEEING.
  5849 | D:6      | 5849 ||| FLEEEEING.
  5857 | D:6      | 5857 ||| FLEEEEING.
  5862 | D:6      | 5862 ||| FLEEEEING.
  5863 | D:6      | 5863 ||| FLEEEEING.
  5864 | D:6      | 5864 ||| FLEEEEING.
  5865 | D:6      | 5865 ||| FLEEEEING.
  5866 | D:6      | 5866 ||| FLEEEEING.
  5880 | D:6      | 5880 ||| FLEEEEING.
  5881 | D:6      | 5881 ||| FLEEEEING.
  5882 | D:6      | 5882 ||| FLEEEEING.
  5883 | D:6      | 5883 ||| FLEEEEING.
  5884 | D:6      | 5884 ||| FLEEEEING.
  5885 | D:6      | 5885 ||| FLEEEEING.
  5886 | D:6      | 5886 ||| FLEEEEING.
  5887 | D:6      | 5887 ||| FLEEEEING.
  5888 | D:6      | 5888 ||| FLEEEEING.
  5889 | D:6      | 5889 ||| FLEEEEING.
  5890 | D:6      | 5890 ||| FLEEEEING.
  5891 | D:6      | 5891 ||| FLEEEEING.
  5892 | D:6      | 5892 ||| FLEEEEING.
  5893 | D:6      | 5893 ||| FLEEEEING.
  5894 | D:6      | 5894 ||| FLEEEEING.
  5895 | D:6      | 5895 ||| FLEEEEING.
  5896 | D:6      | 5896 ||| FLEEEEING.
  5897 | D:6      | 5897 ||| FLEEEEING.
  5898 | D:6      | 5898 ||| FLEEEEING.
  5899 | D:6      | 5899 ||| FLEEEEING.
  5900 | D:6      | 5900 ||| FLEEEEING.
  5901 | D:6      | 5901 ||| STAIRDANCE
  6105 | D:6      | Found the +5 robe of Misfortune {Harm *Corrode *Slow EV+5}
  6106 | D:6      | Noticed Blork the orc
  6107 | D:6      | 6107 ||| INVOKING Heroism.
  6113 | D:6      | Killed Blork the orc
  6231 | D:6      | 6231 ||| READING scroll labelled GUCIUSE BEADOATA.
  6442 | D:7      | Reached skill level 6 in Fighting
  6453 | D:7      | 6453 ||| Stepping ~*~*~tactically~*~*~ (hiding).
  6502 | D:7      | Identified the +0 dagger of Propriety {heavy, rF++}
  6503 | D:7      | 6503 ||| Stepping ~*~*~tactically~*~*~ (stealth).
  6505 | D:7      | 6505 ||| INVOKING Heroism.
  6552 | D:7      | 6552 ||| Stepping ~*~*~tactically~*~*~ (stealth).
  6584 | D:7      | 6584 ||| Stepping ~*~*~tactically~*~*~ (stealth).
  6586 | D:7      | 6586 ||| Stepping ~*~*~tactically~*~*~ (stealth).
  6595 | D:7      | 6595 ||| INVOKING Heroism.
  6600 | D:7      | Killed an unseen horror
  6600 | D:7      | Reached *** piety under Okawaru
  6601 | D:7      | Reached skill level 9 in Axes
  6601 | D:7      | Reached XP level 10. HP: 42/60 MP: 10/13
  6618 | D:7      | 6618 ||| FLEEEEING.
  6624 | D:7      | 6624 ||| FLEEEEING.
  6625 | D:7      | 6625 ||| FLEEEEING.
  6626 | D:7      | 6626 ||| FLEEEEING.
  6627 | D:7      | 6627 ||| FLEEEEING.
  6628 | D:7      | 6628 ||| FLEEEEING.
  6629 | D:7      | 6629 ||| FLEEEEING.
  6630 | D:7      | 6630 ||| FLEEEEING.
  6631 | D:7      | 6631 ||| FLEEEEING.
  6632 | D:7      | 6632 ||| FLEEEEING.
  6633 | D:7      | 6633 ||| FLEEEEING.
  6634 | D:7      | 6634 ||| FLEEEEING.
  6635 | D:7      | 6635 ||| FLEEEEING.
  6636 | D:7      | 6636 ||| FLEEEEING.
  6637 | D:7      | 6637 ||| FLEEEEING.
  6638 | D:7      | 6638 ||| FLEEEEING.
  6639 | D:7      | 6639 ||| FLEEEEING.
  6640 | D:7      | 6640 ||| FLEEEEING.
  6641 | D:7      | 6641 ||| FLEEEEING.
  6642 | D:7      | 6642 ||| FLEEEEING.
  6658 | D:7      | 6658 ||| Stepping ~*~*~tactically~*~*~ (stealth).
  6660 | D:7      | 6660 ||| INVOKING Heroism.
  6805 | D:7      | Found a runed translucent door.
  6806 | D:7      | Noticed Crazy Yiuf
  6825 | D:7      | 6825 ||| Stepping ~*~*~tactically~*~*~ (stealth).
  6884 | D:7      | 6884 ||| Stepping ~*~*~tactically~*~*~ (stealth).
  6885 | D:7      | 6885 ||| Stepping ~*~*~tactically~*~*~ (stealth).
  6900 | D:7      | 6900 ||| INVOKING Heroism.
  7009 | D:7      | 7009 ||| INVOKING Heroism.
  7099 | D:7      | 7099 ||| INVOKING Heroism.
  7117 | D:7      | 7117 ||| DROPPING +0 flail of protection.
  7160 | D:7      | 7160 ||| INVOKING Heroism.
  7231 | D:7      | 7231 ||| FLEEEEING.
  7232 | D:7      | 7232 ||| FLEEEEING.
  7234 | D:7      | 7234 ||| FLEEEEING.
  7235 | D:7      | 7235 ||| FLEEEEING.
  7236 | D:7      | 7236 ||| FLEEEEING.
  7237 | D:7      | 7237 ||| FLEEEEING.
  7242 | D:7      | 7242 ||| FLEEEEING.
  7248 | D:7      | 7248 ||| FLEEEEING.
  7249 | D:7      | 7249 ||| FLEEEEING.
  7250 | D:7      | 7250 ||| FLEEEEING.
  7251 | D:7      | 7251 ||| FLEEEEING.
  7252 | D:7      | 7252 ||| FLEEEEING.
  7253 | D:7      | 7253 ||| FLEEEEING.
  7254 | D:7      | 7254 ||| FLEEEEING.
  7255 | D:7      | 7255 ||| FLEEEEING.
  7256 | D:7      | 7256 ||| FLEEEEING.
  7259 | D:7      | 7259 ||| Stepping ~*~*~tactically~*~*~ (stealth).
  7260 | D:7      | 7260 ||| Stepping ~*~*~tactically~*~*~ (stealth).
  7400 | D:7      | 7400 ||| Stepping ~*~*~tactically~*~*~ (stealth).
  7401 | D:7      | 7401 ||| Stepping ~*~*~tactically~*~*~ (hiding).
  7402 | D:7      | 7402 ||| Stepping ~*~*~tactically~*~*~ (hiding).
  7418 | D:7      | 7418 ||| Stepping ~*~*~tactically~*~*~ (stealth).
  7420 | D:7      | 7420 ||| Stepping ~*~*~tactically~*~*~ (stealth).
  7441 | D:7      | 7441 ||| INVOKING Heroism.
  7739 | D:7      | 7739 ||| Stepping ~*~*~tactically~*~*~ (stealth).
  7740 | D:7      | 7740 ||| Stepping ~*~*~tactically~*~*~ (stealth).
  7795 | D:7      | 7795 ||| READING scroll of acquirement.
  7795 | D:7      | 7795 ||| ACQUIRING +5 hat of Anech {rF- Will+ Str+4 Dex+3}
  7795 | D:7      | Acquired the +5 hat of Anech {rF- Will+ Str+4 Dex+3}
  7797 | D:7      | 7797 ||| UPGRADING to +5 hat of Anech {rF- Will+ Str+4
                  | Dex+3}.
  7930 | D:7      | 7930 ||| Stepping ~*~*~tactically~*~*~ (stealth).
  7931 | D:7      | 7931 ||| Stepping ~*~*~tactically~*~*~ (stealth).
  7933 | D:7      | 7933 ||| Stepping ~*~*~tactically~*~*~ (hiding).
  7937 | D:7      | 7937 ||| Stepping ~*~*~tactically~*~*~ (hiding).
  7973 | D:7      | 7973 ||| Stepping ~*~*~tactically~*~*~ (stealth).
  7977 | D:7      | Reached skill level 9 in Shields
  8092 | D:7      | 8092 ||| READING 4 scrolls of identify.
  8092 | D:7      | 8092 ||| IDENTIFYING glowing white potion
  8168 | D:8      | Found a flagged portal.
  8208 | D:8      | 8208 ||| READING scroll of enchant weapon.
  8208 | D:8      | 8208 ||| ENCHANTING +3 war axe of freezing.
  8227 | D:8      | 8227 ||| INVOKING Heroism.
  8228 | D:8      | Noticed a two-headed ogre
  8238 | D:8      | Killed a two-headed ogre
  8382 | D:8      | Reached skill level 10 in Axes
  8431 | D:8      | Found a staircase to the Lair.
  8492 | D:8      | 8492 ||| Stepping ~*~*~tactically~*~*~ (hiding).
  8493 | D:8      | 8493 ||| Stepping ~*~*~tactically~*~*~ (hiding).
  8816 | D:8      | 8816 ||| INVOKING Heroism.
  8924 | D:8      | 8924 ||| PLANNING LAIR
  8924 | D:8      | 8924 ||| READING 3 scrolls of identify.
  8924 | D:8      | 8924 ||| IDENTIFYING sedimented clear potion
  8925 | D:8      | 8925 ||| READING 2 scrolls of identify.
  8925 | D:8      | 8925 ||| IDENTIFYING white potion
  8926 | D:8      | 8926 ||| DROPPING potion of berserk rage.
  8927 | D:8      | 8927 ||| DROPPING potion of degeneration.
  8970 | Lair:1   | Entered Level 1 of the Lair of Beasts
  8986 | Lair:1   | 8986 ||| Stepping ~*~*~tactically~*~*~ (stealth).
  8987 | Lair:1   | 8987 ||| Stepping ~*~*~tactically~*~*~ (stealth).
  8989 | Lair:1   | 8989 ||| Stepping ~*~*~tactically~*~*~ (stealth).
  9010 | Lair:1   | 9010 ||| Stepping ~*~*~tactically~*~*~ (stealth).
  9014 | Lair:1   | 9014 ||| FLEEEEING.
  9015 | Lair:1   | 9015 ||| FLEEEEING.
  9016 | Lair:1   | 9016 ||| FLEEEEING.
  9017 | Lair:1   | 9017 ||| FLEEEEING.
  9018 | Lair:1   | 9018 ||| FLEEEEING.
  9019 | Lair:1   | 9019 ||| FLEEEEING.
  9020 | Lair:1   | 9020 ||| FLEEEEING.
  9027 | Lair:1   | 9027 ||| STAIRDANCE
  9057 | Lair:1   | 9057 ||| Stepping ~*~*~tactically~*~*~ (hiding).
  9058 | Lair:1   | 9058 ||| Stepping ~*~*~tactically~*~*~ (hiding).
  9217 | Lair:1   | 9217 ||| Stepping ~*~*~tactically~*~*~ (stealth).
  9234 | Lair:1   | Reached XP level 11. HP: 68/68 MP: 14/14
  9239 | Lair:1   | 9239 ||| INVOKING Heroism.
  9288 | Lair:1   | 9288 ||| Stepping ~*~*~tactically~*~*~ (stealth).
  9291 | Lair:1   | 9291 ||| Stepping ~*~*~tactically~*~*~ (stealth).
  9293 | Lair:1   | 9293 ||| Stepping ~*~*~tactically~*~*~ (stealth).
  9312 | Lair:1   | Reached **** piety under Okawaru
  9313 | Lair:1   | Reached skill level 3 in Throwing
  9364 | Lair:1   | Found a runed translucent door.
  9365 | Lair:1   | Found a shimmering altar of Xom.
  9365 | Lair:1   | Noticed qw's ghost (novice NaHu)
  9365 | Lair:1   | Noticed a +2 mace of chaos
  9429 | Lair:1   | 9429 ||| INVOKING Heroism.
  9435 | Lair:1   | Reached skill level 11 in Axes
  9527 | Lair:1   | 9527 ||| INVOKING Heroism.
  9685 | Lair:1   | 9685 ||| INVOKING Heroism.
 10016 | Lair:1   | 10016 ||| UPGRADING to amulet of regeneration.
 10026 | Lair:1   | 10026 ||| DROPPING amulet of the acrobat.
 10027 | Lair:1   | 10027 ||| READING scroll labelled MYWOULELIV.
 10028 | Lair:1   | 10028 ||| READING 2 scrolls of identify.
 10028 | Lair:1   | 10028 ||| IDENTIFYING fuming coppery potion
 10029 | Lair:1   | 10029 ||| DROPPING potion of ambrosia.
 10091 | Lair:2   | Noticed a catoblepas
 10092 | Lair:2   | Noticed a six-headed hydra
 10093 | Lair:2   | 10093 ||| Stepping ~*~*~tactically~*~*~ (hiding).
 10094 | Lair:2   | 10094 ||| INVOKING Heroism.
 10098 | Lair:2   | 10098 ||| SWAPPING to +0 morningstar.
 10104 | Lair:2   | Killed a catoblepas
 10110 | Lair:2   | Killed a six-headed hydra
 10155 | Lair:2   | 10155 ||| UPGRADING to +4 war axe of freezing.
 10168 | Lair:2   | 10168 ||| Stepping ~*~*~tactically~*~*~ (stealth).
 10170 | Lair:2   | 10170 ||| Stepping ~*~*~tactically~*~*~ (stealth).
 10171 | Lair:2   | 10171 ||| Stepping ~*~*~tactically~*~*~ (stealth).
 10174 | Lair:2   | 10174 ||| INVOKING Heroism.
 10224 | Lair:2   | Found a frozen archway.
 10274 | Lair:2   | Reached skill level 9 in Fighting
 10483 | Lair:2   | 10483 ||| UPGRADING to +4 ring of protection.
 10485 | Lair:2   | 10485 ||| DROPPING +6 ring of dexterity.
 10486 | Lair:2   | 10486 ||| READING scroll labelled XINAWN JEIFIZE.
 10522 | Lair:3   | Found a runed translucent gate.
 10525 | Lair:3   | Found a runed translucent gate.
 10526 | Lair:3   | Found a runed translucent gate.
 10542 | Lair:3   | Noticed qw's ghost (journeyman GrHu)
 10545 | Lair:3   | Noticed a four-headed hydra
 10547 | Lair:3   | 10547 ||| INVOKING Heroism.
 10551 | Lair:3   | 10551 ||| SWAPPING to +0 morningstar.
 10558 | Lair:3   | Killed a four-headed hydra
 10567 | Lair:3   | 10567 ||| UPGRADING to +4 war axe of freezing.
 10597 | Lair:3   | Found an iron altar of Okawaru.
 10835 | Lair:3   | Found a staircase to the Swamp.
 10846 | Lair:3   | Received a gift from Okawaru
 10850 | Lair:3   | 10850 ||| INVOKING Heroism.
 10906 | Lair:3   | 10906 ||| INVOKING Heroism.
 10916 | Lair:3   | Reached skill level 6 in Invocations
 11016 | Lair:3   | 11016 ||| Stepping ~*~*~tactically~*~*~ (stealth).
 11021 | Lair:3   | 11021 ||| Stepping ~*~*~tactically~*~*~ (stealth).
 11156 | Lair:3   | Found a staircase to the Snake Pit.
 11162 | Lair:3   | Reached XP level 12. HP: 76/76 MP: 16/16
 11184 | Lair:3   | 11184 ||| INVOKING Heroism.
 11402 | Lair:3   | Found a viscous altar of Jiyva.
 12102 | Lair:4   | Found a sacrificial altar of Ru.
 12137 | Lair:4   | Received a gift from Okawaru
 12200 | Lair:4   | 12200 ||| Stepping ~*~*~tactically~*~*~ (stealth).
 12275 | Lair:4   | Found a runed translucent door.
 12276 | Lair:4   | Found a viscous altar of Jiyva.
 12278 | Lair:4   | Found a staircase to the Slime Pits.
 12282 | Lair:4   | 12282 ||| Stepping ~*~*~tactically~*~*~ (stealth).
 12347 | Lair:4   | 12347 ||| Stepping ~*~*~tactically~*~*~ (stealth).
 12441 | Lair:4   | Received a gift from Okawaru
 12609 | Lair:4   | Identified the +0 demon blade of Vahemuck {heavy, rF++ rC-
                  | Will++}
 12746 | Lair:4   | 12746 ||| Stepping ~*~*~tactically~*~*~ (stealth).
 12748 | Lair:4   | 12748 ||| Stepping ~*~*~tactically~*~*~ (stealth).
 12749 | Lair:4   | 12749 ||| INVOKING Heroism.
 13170 | Lair:5   | Entered Level 5 of the Lair of Beasts
 13171 | Lair:5   | 13171 ||| PLANNING GAUNTLET
 13173 | Lair:5   | Noticed a skyshark
 13175 | Lair:5   | Reached skill level 12 in Axes
 13175 | Lair:5   | 13175 ||| INVOKING Heroism.
 13186 | Lair:5   | Killed a skyshark
 13209 | Lair:5   | Found a gate leading to a gauntlet.
 13218 | Gauntlet | Entered a Gauntlet
 13218 | Gauntlet | Found a runed translucent gate.
 13218 | Gauntlet | Found a transporter.
 13218 | Gauntlet | Found a runed translucent gate.
 13218 | Gauntlet | Found a runed translucent gate.
 13218 | Gauntlet | Found a transporter.
 13220 | Gauntlet | Noticed a death scarab
 13223 | Gauntlet | Found a runed translucent door.
 13224 | Gauntlet | Found a transporter.
 13225 | Gauntlet | Found a runed translucent door.
 13236 | Gauntlet | Found a transporter.
 13254 | Gauntlet | Found a transporter.
 13254 | Gauntlet | Found a transporter.
 13255 | Gauntlet | Found a transporter.
 13257 | Gauntlet | Found a transporter.
 13258 | Gauntlet | Found a transporter.
 13262 | Gauntlet | Found a runed translucent door.
 13262 | Gauntlet | Found a runed translucent door.
 13269 | Gauntlet | Found a transporter.
 13285 | Gauntlet | Found a transporter.
 13292 | Gauntlet | Noticed a quicksilver ooze
 13295 | Gauntlet | Found a transporter.
 13309 | Gauntlet | Found a transporter.
 13329 | Gauntlet | Found a transporter.
 13379 | Gauntlet | Reached ***** piety under Okawaru
 13386 | Gauntlet | Reached skill level 9 in Invocations
 13417 | Gauntlet | Received a gift from Okawaru
 13457 | Gauntlet | 13457 ||| DROPPING amulet of guardian spirit.
 13458 | Gauntlet | 13458 ||| READING 2 scrolls of identify.
 13458 | Gauntlet | 13458 ||| IDENTIFYING silvery potion
 13459 | Gauntlet | 13459 ||| DROPPING potion of invisibility.
 13483 | Gauntlet | 13483 ||| INVOKING Heroism.
 13530 | Gauntlet | Identified the +0 cloak "Qauprink" {Int+3}
 13532 | Gauntlet | Identified the +0 helmet of Cecitoic {rN+}
 13537 | Gauntlet | 13537 ||| READING scroll of enchant weapon.
 13537 | Gauntlet | 13537 ||| ENCHANTING +4 war axe of freezing.
 13538 | Gauntlet | 13538 ||| DROPPING +0 cloak "Qauprink" {Int+3}.
 13551 | Gauntlet | Noticed a minotaur
 13552 | Gauntlet | 13552 ||| Stepping ~*~*~tactically~*~*~ (stealth).
 13554 | Gauntlet | 13554 ||| Stepping ~*~*~tactically~*~*~ (stealth).
 13556 | Gauntlet | 13556 ||| Stepping ~*~*~tactically~*~*~ (stealth).
 13558 | Gauntlet | 13558 ||| Stepping ~*~*~tactically~*~*~ (stealth).
 13560 | Gauntlet | 13560 ||| Stepping ~*~*~tactically~*~*~ (stealth).
 13562 | Gauntlet | 13562 ||| Stepping ~*~*~tactically~*~*~ (hiding).
 13565 | Gauntlet | 13565 ||| INVOKING Heroism.
 13575 | Gauntlet | Killed a minotaur
 13621 | Gauntlet | 13621 ||| READING scroll of brand weapon.
 13621 | Gauntlet | 13621 ||| BRANDING +5 war axe of freezing.
 13625 | Gauntlet | Identified the +0 ring mail "Kumusocs" {rF+}
 13627 | Gauntlet | 13627 ||| UPGRADING to +0 plate armour.
 13637 | Gauntlet | 13637 ||| DROPPING +0 chain mail.
 13638 | Gauntlet | 13638 ||| READING 2 scrolls of enchant armour.
 13638 | Gauntlet | 13638 ||| ENCHANTING +0 plate armour.
 13639 | Gauntlet | 13639 ||| READING scroll of enchant armour.
 13639 | Gauntlet | 13639 ||| ENCHANTING +1 plate armour.
 13640 | Gauntlet | 13640 ||| READING scroll labelled PUMMIM YSIOL.
 13641 | Gauntlet | 13641 ||| DRINKING 2 sedimented coppery potions.
 13672 | Lair:5   | 13672 ||| PLANNING LAIR
 13709 | Lair:5   | Noticed a skyshark
 13717 | Lair:5   | Killed a skyshark
 13738 | Lair:5   | Reached skill level 6 in Armour
 13771 | Lair:5   | Identified the +3 pair of gloves of Light {rC++} (Okawaru
                  | gifted it to you on level 5 of the Lair of Beasts)
 13771 | Lair:5   | Received a gift from Okawaru
 13772 | Lair:5   | Reached XP level 13. HP: 81/82 MP: 20/20
 13800 | Lair:5   | 13800 ||| Stepping ~*~*~tactically~*~*~ (stealth).
 13842 | Lair:5   | 13842 ||| Stepping ~*~*~tactically~*~*~ (stealth).
 13844 | Lair:5   | 13844 ||| Stepping ~*~*~tactically~*~*~ (hiding).
 13863 | Lair:5   | 13863 ||| INVOKING Heroism.
 13959 | Lair:5   | 13959 ||| Stepping ~*~*~tactically~*~*~ (stealth).
 13961 | Lair:5   | 13961 ||| INVOKING Heroism.
 14068 | Lair:5   | Found an ornate altar of the Wu Jian Council.
 14087 | Lair:5   | 14087 ||| Stepping ~*~*~tactically~*~*~ (stealth).
 14192 | Lair:5   | 14192 ||| Stepping ~*~*~tactically~*~*~ (stealth).
 14229 | Lair:5   | 14229 ||| INVOKING Heroism.
 14230 | Lair:5   | 14230 ||| Stepping ~*~*~tactically~*~*~ (stealth).
 14233 | Lair:5   | 14233 ||| INVOKING Finesse.
 14247 | Lair:5   | Reached skill level 13 in Axes
 14249 | Lair:5   | 14249 ||| Stepping ~*~*~tactically~*~*~ (stealth).
 14250 | Lair:5   | 14250 ||| Stepping ~*~*~tactically~*~*~ (stealth).
 14326 | Lair:5   | 14326 ||| INVOKING Heroism.
 14333 | Lair:5   | 14333 ||| Stepping ~*~*~tactically~*~*~ (hiding).
 14346 | Lair:5   | 14346 ||| Stepping ~*~*~tactically~*~*~ (water).
 14355 | Lair:5   | 14355 ||| Stepping ~*~*~tactically~*~*~ (stealth).
 14360 | Lair:5   | 14360 ||| Stepping ~*~*~tactically~*~*~ (hiding).
 14369 | Lair:5   | 14369 ||| Stepping ~*~*~tactically~*~*~ (stealth).
 14371 | Lair:5   | 14371 ||| Stepping ~*~*~tactically~*~*~ (water).
 14404 | Lair:5   | 14404 ||| Stepping ~*~*~tactically~*~*~ (stealth).
 14421 | Lair:5   | 14421 ||| Stepping ~*~*~tactically~*~*~ (hiding).
 14422 | Lair:5   | 14422 ||| Stepping ~*~*~tactically~*~*~ (hiding).
 14437 | Lair:5   | 14437 ||| Stepping ~*~*~tactically~*~*~ (water).
 14449 | Lair:5   | 14449 ||| Stepping ~*~*~tactically~*~*~ (hiding).
 14450 | Lair:5   | Noticed a fire dragon
 14451 | Lair:5   | 14451 ||| INVOKING Heroism.
 14452 | Lair:5   | 14452 ||| INVOKING Finesse.
 14462 | Lair:5   | Killed a fire dragon
 14503 | Lair:5   | 14503 ||| INVOKING Heroism.
 14507 | Lair:5   | 14507 ||| Stepping ~*~*~tactically~*~*~ (cloud).
 14518 | Lair:5   | 14518 ||| READING scroll of enchant weapon.
 14518 | Lair:5   | 14518 ||| ENCHANTING +5 spectral war axe.
 14719 | Lair:5   | 14719 ||| INVOKING Heroism.
 14723 | Lair:5   | Reached skill level 14 in Axes
 14832 | Lair:5   | 14832 ||| Stepping ~*~*~tactically~*~*~ (stealth).
 14856 | Lair:5   | 14856 ||| Stepping ~*~*~tactically~*~*~ (stealth).
 14862 | Lair:5   | Gained mutation: Your large and strong wings let you fly.
                  | [Gargoyle growth]
 14862 | Lair:5   | Reached XP level 14. HP: 88/88 MP: 21/21
 14901 | Lair:5   | 14901 ||| PLANNING D:1-11
 14901 | Lair:5   | 14901 ||| UPGRADING to +3 pair of gloves of Light {rC++}.
 14906 | Lair:5   | 14906 ||| DROPPING +2 leather armour of Keulomuw {rCorr
                  | Str+2}.
 14907 | Lair:5   | 14907 ||| READING scroll labelled ZAOQAGHOAHE.
 15046 | D:9      | 15046 ||| FLEEEEING.
 15048 | D:9      | 15048 ||| FLEEEEING.
 15049 | D:9      | 15049 ||| FLEEEEING.
 15050 | D:9      | 15050 ||| FLEEEEING.
 15051 | D:9      | 15051 ||| FLEEEEING.
 15052 | D:9      | 15052 ||| FLEEEEING.
 15056 | D:9      | Received a gift from Okawaru
 15107 | D:9      | 15107 ||| DROPPING +1 flail of draining.
 15239 | D:9      | 15239 ||| READING scroll of enchant weapon.
 15239 | D:9      | 15239 ||| ENCHANTING +6 spectral war axe.
 15348 | D:9      | Reached skill level 9 in Armour
 15351 | D:9      | 15351 ||| Stepping ~*~*~tactically~*~*~ (stealth).
 15367 | D:9      | 15367 ||| INVOKING Heroism.
 15373 | D:9      | Received a gift from Okawaru
 15747 | D:9      | 15747 ||| DROPPING +1 hat of intelligence.
 15780 | D:10     | Entered Level 10 of the Dungeon
 15816 | D:10     | 15816 ||| Stepping ~*~*~tactically~*~*~ (hiding).
 15915 | D:10     | 15915 ||| Stepping ~*~*~tactically~*~*~ (stealth).
 15916 | D:10     | 15916 ||| Stepping ~*~*~tactically~*~*~ (stealth).
 15961 | D:10     | 15961 ||| Stepping ~*~*~tactically~*~*~ (stealth).
 15963 | D:10     | 15963 ||| Stepping ~*~*~tactically~*~*~ (stealth).
 15966 | D:10     | 15966 ||| Stepping ~*~*~tactically~*~*~ (stealth).
 16024 | D:10     | 16024 ||| Stepping ~*~*~tactically~*~*~ (hiding).
 16027 | D:10     | 16027 ||| Stepping ~*~*~tactically~*~*~ (hiding).
 16125 | D:10     | Noticed Sonja
 16126 | D:10     | 16126 ||| INVOKING Finesse.
 16130 | D:10     | Killed Sonja
 16178 | D:10     | Noticed Joseph
 16187 | D:10     | Killed Joseph
 16230 | D:10     | 16230 ||| Stepping ~*~*~tactically~*~*~ (stealth).
 16380 | D:10     | 16380 ||| Stepping ~*~*~tactically~*~*~ (stealth).
 16386 | D:10     | 16386 ||| Stepping ~*~*~tactically~*~*~ (stealth).
 16422 | D:10     | Noticed Snorg
 16423 | D:10     | 16423 ||| Stepping ~*~*~tactically~*~*~ (stealth).
 16425 | D:10     | 16425 ||| Stepping ~*~*~tactically~*~*~ (hiding).
 16426 | D:10     | 16426 ||| INVOKING Heroism.
 16427 | D:10     | 16427 ||| INVOKING Finesse.
 16432 | D:10     | Killed Snorg
 16663 | D:11     | 16663 ||| Stepping ~*~*~tactically~*~*~ (hiding).
 16672 | D:11     | 16672 ||| Stepping ~*~*~tactically~*~*~ (stealth).
 16681 | D:11     | 16681 ||| Stepping ~*~*~tactically~*~*~ (stealth).
 16687 | D:11     | 16687 ||| Stepping ~*~*~tactically~*~*~ (stealth).
 16689 | D:11     | 16689 ||| Stepping ~*~*~tactically~*~*~ (stealth).
 16690 | D:11     | 16690 ||| Stepping ~*~*~tactically~*~*~ (stealth).
 16691 | D:11     | 16691 ||| Stepping ~*~*~tactically~*~*~ (stealth).
 16692 | D:11     | 16692 ||| Stepping ~*~*~tactically~*~*~ (stealth).
 16694 | D:11     | 16694 ||| Stepping ~*~*~tactically~*~*~ (stealth).
 16698 | D:11     | Found a staircase to the Orcish Mines.
 16706 | D:11     | 16706 ||| Stepping ~*~*~tactically~*~*~ (hiding).
 16846 | D:11     | 16846 ||| INVOKING Heroism.
 16848 | D:11     | 16848 ||| Stepping ~*~*~tactically~*~*~ (stealth).
 16858 | D:11     | 16858 ||| Stepping ~*~*~tactically~*~*~ (stealth).
 16860 | D:11     | 16860 ||| Stepping ~*~*~tactically~*~*~ (hiding).
 16868 | D:11     | 16868 ||| Stepping ~*~*~tactically~*~*~ (stealth).
 16877 | D:11     | 16877 ||| Stepping ~*~*~tactically~*~*~ (stealth).
 16883 | D:11     | Received a gift from Okawaru
 16884 | D:11     | Reached skill level 12 in Shields
 16886 | D:11     | 16886 ||| Stepping ~*~*~tactically~*~*~ (stealth).
 16895 | D:11     | 16895 ||| INVOKING Finesse.
 16896 | D:11     | 16896 ||| Stepping ~*~*~tactically~*~*~ (stealth).
 16898 | D:11     | 16898 ||| Stepping ~*~*~tactically~*~*~ (stealth).
 16906 | D:11     | 16906 ||| SWAPPING to +0 morningstar.
 16921 | D:11     | 16921 ||| UPGRADING to +7 spectral war axe.
 16926 | D:11     | 16926 ||| Stepping ~*~*~tactically~*~*~ (stealth).
 16935 | D:11     | 16935 ||| Stepping ~*~*~tactically~*~*~ (stealth).
 16942 | D:11     | 16942 ||| Stepping ~*~*~tactically~*~*~ (hiding).
 16943 | D:11     | 16943 ||| Stepping ~*~*~tactically~*~*~ (hiding).
 16958 | D:11     | Found a basalt altar of Yredelemnul.
 17171 | D:11     | 17171 ||| Stepping ~*~*~tactically~*~*~ (hiding).
 17550 | D:11     | 17550 ||| PLANNING D
 17611 | D:12     | Reached skill level 6 in Throwing
 17921 | D:12     | 17921 ||| Stepping ~*~*~tactically~*~*~ (stealth).
 17923 | D:12     | 17923 ||| Stepping ~*~*~tactically~*~*~ (stealth).
 17928 | D:12     | 17928 ||| Stepping ~*~*~tactically~*~*~ (stealth).
 18064 | D:12     | Found Boteomis's Antique Armour Shop.
 18205 | D:12     | 18205 ||| Stepping randomly (stuck).
 18278 | D:13     | 18278 ||| INVOKING Heroism.
 18279 | D:13     | 18279 ||| INVOKING Finesse.
 18345 | D:13     | Found a gate to the Vaults.
 18465 | D:13     | 18465 ||| READING scroll of acquirement.
 18465 | D:13     | 18465 ||| ACQUIRING +2 broad axe of electrocution
 18465 | D:13     | Acquired a +2 broad axe of electrocution
 18472 | D:13     | Found an ancient bone altar of Kikubaaqudgha.
 18488 | D:13     | 18488 ||| Stepping ~*~*~tactically~*~*~ (hiding).
 18489 | D:13     | 18489 ||| Stepping ~*~*~tactically~*~*~ (hiding).
 18490 | D:13     | 18490 ||| Stepping ~*~*~tactically~*~*~ (hiding).
 18497 | D:13     | 18497 ||| INVOKING Heroism.
 18738 | D:13     | 18738 ||| DROPPING +6 ring of intelligence.
 18778 | D:14     | Noticed Jorgrun
 18779 | D:14     | 18779 ||| Stepping ~*~*~tactically~*~*~ (hiding).
 18780 | D:14     | 18780 ||| Stepping ~*~*~tactically~*~*~ (hiding).
 18781 | D:14     | 18781 ||| Stepping ~*~*~tactically~*~*~ (hiding).
 18783 | D:14     | 18783 ||| INVOKING Heroism.
 18784 | D:14     | 18784 ||| INVOKING Finesse.
 18792 | D:14     | Killed Jorgrun
 18793 | D:14     | Reached skill level 15 in Axes
 18811 | D:14     | 18811 ||| Stepping ~*~*~tactically~*~*~ (stealth).
 18813 | D:14     | 18813 ||| Stepping ~*~*~tactically~*~*~ (stealth).
 18814 | D:14     | 18814 ||| Stepping ~*~*~tactically~*~*~ (stealth).
 18815 | D:14     | 18815 ||| Stepping ~*~*~tactically~*~*~ (stealth).
 18865 | D:14     | 18865 ||| Stepping ~*~*~tactically~*~*~ (hiding).
 18866 | D:14     | 18866 ||| INVOKING Heroism.
 18867 | D:14     | 18867 ||| INVOKING Finesse.
 18868 | D:14     | Found a shadowy altar of Dithmenos.
 18953 | D:14     | 18953 ||| Stepping ~*~*~tactically~*~*~ (hiding).
 18955 | D:14     | 18955 ||| Stepping ~*~*~tactically~*~*~ (hiding).
 18958 | D:14     | 18958 ||| Stepping ~*~*~tactically~*~*~ (hiding).
 18965 | D:14     | 18965 ||| INVOKING Heroism.
 19007 | D:14     | Found an iron altar of Okawaru.
 19017 | D:14     | Identified the +3 leather armour "Ugoqyr" {rCorr}
 19049 | D:14     | 19049 ||| INVOKING Heroism.
 19112 | D:14     | 19112 ||| Stepping ~*~*~tactically~*~*~ (stealth).
 19252 | D:14     | 19252 ||| DROPPING amulet of magic regeneration.
 19255 | D:15     | Entered Level 15 of the Dungeon
 19255 | D:15     | Found a staircase to the Depths.
 19256 | D:15     | 19256 ||| INVOKING Heroism.
 19267 | D:15     | Reached skill level 12 in Fighting
 19267 | D:15     | Reached XP level 15. HP: 64/96 MP: 20/22
 19269 | D:15     | Received a gift from Okawaru
 19276 | D:15     | 19276 ||| FLEEEEING.
 19277 | D:15     | 19277 ||| FLEEEEING.
 19285 | D:15     | 19285 ||| INVOKING Heroism.
 19383 | D:15     | 19383 ||| INVOKING Heroism.
 19489 | D:15     | 19489 ||| Stepping ~*~*~tactically~*~*~ (hiding).
 19490 | D:15     | 19490 ||| INVOKING Heroism.
 19491 | D:15     | 19491 ||| INVOKING Finesse.
 19497 | D:15     | 19497 ||| Stepping ~*~*~tactically~*~*~ (hiding).
 19498 | D:15     | 19498 ||| Stepping ~*~*~tactically~*~*~ (hiding).
 19516 | D:15     | 19516 ||| Stepping ~*~*~tactically~*~*~ (stealth).
 19538 | D:15     | 19538 ||| Stepping ~*~*~tactically~*~*~ (stealth).
 19539 | D:15     | 19539 ||| INVOKING Heroism.
 19570 | D:15     | 19570 ||| Stepping ~*~*~tactically~*~*~ (hiding).
 19605 | D:15     | 19605 ||| INVOKING Heroism.
 19608 | D:15     | 19608 ||| SWAPPING to +0 morningstar.
 19630 | D:15     | 19630 ||| UPGRADING to +7 spectral war axe.
 19695 | D:15     | 19695 ||| Stepping ~*~*~tactically~*~*~ (hiding).
 19701 | D:15     | 19701 ||| INVOKING Heroism.
 19703 | D:15     | Received a gift from Okawaru
 19759 | D:15     | Found a portal to a secret trove of treasure.
 19937 | D:15     | 19937 ||| PLANNING ORC
 19937 | D:15     | 19937 ||| UPGRADING to +0 pair of boots.
 19942 | D:15     | 19942 ||| UPGRADING to +1 plate armour of fire resistance.
 20027 | Orc:1    | Entered Level 1 of the Orcish Mines
 20083 | Orc:1    | Reached skill level 16 in Axes
 20129 | Orc:1    | 20129 ||| FLEEEEING.
 20130 | Orc:1    | 20130 ||| FLEEEEING.
 20131 | Orc:1    | 20131 ||| FLEEEEING.
 20132 | Orc:1    | 20132 ||| FLEEEEING.
 20133 | Orc:1    | 20133 ||| FLEEEEING.
 20134 | Orc:1    | 20134 ||| FLEEEEING.
 20135 | Orc:1    | 20135 ||| FLEEEEING.
 20136 | Orc:1    | 20136 ||| FLEEEEING.
 20137 | Orc:1    | 20137 ||| FLEEEEING.
 20138 | Orc:1    | 20138 ||| FLEEEEING.
 20139 | Orc:1    | 20139 ||| FLEEEEING.
 20140 | Orc:1    | 20140 ||| FLEEEEING.
 20141 | Orc:1    | 20141 ||| FLEEEEING.
 20142 | Orc:1    | 20142 ||| FLEEEEING.
 20143 | Orc:1    | 20143 ||| FLEEEEING.
 20144 | Orc:1    | 20144 ||| FLEEEEING.
 20145 | Orc:1    | 20145 ||| FLEEEEING.
 20146 | Orc:1    | 20146 ||| FLEEEEING.
 20147 | Orc:1    | 20147 ||| FLEEEEING.
 20148 | Orc:1    | 20148 ||| FLEEEEING.
 20149 | Orc:1    | 20149 ||| FLEEEEING.
 20150 | Orc:1    | 20150 ||| FLEEEEING.
 20151 | Orc:1    | 20151 ||| FLEEEEING.
 20152 | Orc:1    | 20152 ||| FLEEEEING.
 20153 | Orc:1    | 20153 ||| FLEEEEING.
 20156 | Orc:1    | 20156 ||| FLEEEEING.
 20157 | Orc:1    | 20157 ||| FLEEEEING.
 20158 | Orc:1    | 20158 ||| FLEEEEING.
 20159 | Orc:1    | 20159 ||| FLEEEEING.
 20160 | Orc:1    | 20160 ||| FLEEEEING.
 20161 | Orc:1    | 20161 ||| STAIRDANCE
 20354 | Orc:1    | 20354 ||| Stepping ~*~*~tactically~*~*~ (hiding).
 20595 | Orc:2    | Entered Level 2 of the Orcish Mines
 20597 | Orc:2    | 20597 ||| INVOKING Heroism.
 20599 | Orc:2    | 20599 ||| Stepping ~*~*~tactically~*~*~ (hiding).
 20600 | Orc:2    | 20600 ||| Stepping ~*~*~tactically~*~*~ (hiding).
 20604 | Orc:2    | 20604 ||| Stepping ~*~*~tactically~*~*~ (hiding).
 20611 | Orc:2    | 20611 ||| Stepping ~*~*~tactically~*~*~ (hiding).
 20622 | Orc:2    | Found Luttui Jafogh's Weapon Emporium.
 20647 | Orc:2    | 20647 ||| Stepping ~*~*~tactically~*~*~ (stealth).
 20651 | Orc:2    | 20651 ||| Stepping ~*~*~tactically~*~*~ (hiding).
 20652 | Orc:2    | 20652 ||| Stepping ~*~*~tactically~*~*~ (hiding).
 20655 | Orc:2    | 20655 ||| Stepping ~*~*~tactically~*~*~ (hiding).
 20657 | Orc:2    | 20657 ||| Stepping ~*~*~tactically~*~*~ (hiding).
 20824 | Orc:2    | 20824 ||| Stepping ~*~*~tactically~*~*~ (stealth).
 20826 | Orc:2    | 20826 ||| Stepping ~*~*~tactically~*~*~ (hiding).
 20827 | Orc:2    | 20827 ||| Stepping ~*~*~tactically~*~*~ (hiding).
 20828 | Orc:2    | 20828 ||| Stepping ~*~*~tactically~*~*~ (hiding).
 20829 | Orc:2    | 20829 ||| Stepping ~*~*~tactically~*~*~ (hiding).
 20951 | Orc:2    | Found a staircase to the Elven Halls.
 20957 | Orc:2    | 20957 ||| INVOKING Heroism.
 21060 | Orc:2    | 21060 ||| Stepping ~*~*~tactically~*~*~ (hiding).
 21062 | Orc:2    | 21062 ||| Stepping ~*~*~tactically~*~*~ (hiding).
 21063 | Orc:2    | 21063 ||| Stepping ~*~*~tactically~*~*~ (hiding).
 21084 | Orc:2    | Found Hoetweot's Antique Weapon Shop.
 21084 | Orc:2    | Found Xaolog's Distillery.
 21090 | Orc:2    | Found Luuplo's Weapon Boutique.
 21092 | Orc:2    | Found Xameja Naffe's Jewellery Boutique.
 21095 | Orc:2    | 21095 ||| FLEEEEING.
 21096 | Orc:2    | 21096 ||| FLEEEEING.
 21097 | Orc:2    | 21097 ||| FLEEEEING.
 21098 | Orc:2    | 21098 ||| FLEEEEING.
 21102 | Orc:2    | 21102 ||| FLEEEEING.
 21103 | Orc:2    | 21103 ||| FLEEEEING.
 21105 | Orc:2    | 21105 ||| FLEEEEING.
 21106 | Orc:2    | 21106 ||| FLEEEEING.
 21107 | Orc:2    | 21107 ||| FLEEEEING.
 21108 | Orc:2    | 21108 ||| FLEEEEING.
 21109 | Orc:2    | 21109 ||| FLEEEEING.
 21110 | Orc:2    | 21110 ||| FLEEEEING.
 21111 | Orc:2    | 21111 ||| FLEEEEING.
 21112 | Orc:2    | 21112 ||| FLEEEEING.
 21113 | Orc:2    | 21113 ||| FLEEEEING.
 21114 | Orc:2    | 21114 ||| FLEEEEING.
 21115 | Orc:2    | 21115 ||| FLEEEEING.
 21116 | Orc:2    | 21116 ||| FLEEEEING.
 21117 | Orc:2    | 21117 ||| FLEEEEING.
 21118 | Orc:2    | 21118 ||| FLEEEEING.
 21119 | Orc:2    | 21119 ||| FLEEEEING.
 21120 | Orc:2    | 21120 ||| FLEEEEING.
 21121 | Orc:2    | 21121 ||| FLEEEEING.
 21122 | Orc:2    | 21122 ||| FLEEEEING.
 21123 | Orc:2    | 21123 ||| FLEEEEING.
 21124 | Orc:2    | 21124 ||| FLEEEEING.
 21125 | Orc:2    | 21125 ||| FLEEEEING.
 21126 | Orc:2    | 21126 ||| FLEEEEING.
 21213 | Orc:2    | Found a burning altar of Makhleb.
 21238 | Orc:2    | 21238 ||| Stepping ~*~*~tactically~*~*~ (hiding).
 21245 | Orc:2    | 21245 ||| Stepping ~*~*~tactically~*~*~ (hiding).
 21254 | Orc:2    | 21254 ||| Stepping ~*~*~tactically~*~*~ (hiding).
 21261 | Orc:2    | 21261 ||| Stepping ~*~*~tactically~*~*~ (hiding).
 21262 | Orc:2    | 21262 ||| Stepping ~*~*~tactically~*~*~ (hiding).
 21273 | Orc:2    | 21273 ||| Stepping ~*~*~tactically~*~*~ (stealth).
 21488 | Orc:2    | 21488 ||| BUYING +5 morningstar of Qilohuqoth {freeze,
                  | rElec} (554 gold).
 21488 | Orc:2    | Bought the +5 morningstar of Qilohuqoth {freeze, rElec} for
                  | 554 gold pieces
 21488 | Orc:2    | 21488 ||| DROPPING +0 morningstar.
 21490 | Orc:2    | 21490 ||| BUYING amulet of reflection (330 gold).
 21490 | Orc:2    | Bought an amulet of reflection for 330 gold pieces
 21490 | Orc:2    | 21490 ||| BUYING ring "Gefrauca" {Ice Will+} (413 gold).
 21490 | Orc:2    | Bought the ring "Gefrauca" {Ice Will+} for 413 gold pieces
 21492 | Orc:2    | 21492 ||| BUYING potion of attraction (51 gold).
 21492 | Orc:2    | Bought a potion of attraction for 51 gold pieces
 21492 | Orc:2    | 21492 ||| BUYING potion of curing (51 gold).
 21492 | Orc:2    | Bought a potion of curing for 51 gold pieces
 21492 | Orc:2    | 21492 ||| BUYING potion of curing (51 gold).
 21492 | Orc:2    | Bought a potion of curing for 51 gold pieces
 21492 | Orc:2    | 21492 ||| BUYING potion of heal wounds (85 gold).
 21492 | Orc:2    | Bought a potion of heal wounds for 85 gold pieces
 21492 | Orc:2    | 21492 ||| BUYING potion of lignification (51 gold).
 21492 | Orc:2    | Bought a potion of lignification for 51 gold pieces
 21492 | Orc:2    | 21492 ||| BUYING potion of resistance (170 gold).
 21492 | Orc:2    | Bought a potion of resistance for 170 gold pieces
 21596 | Orc:2    | 21596 ||| PLANNING SWAMP:1-3
 21596 | Orc:2    | 21596 ||| UPGRADING to amulet of reflection.
 21606 | Orc:2    | 21606 ||| DROPPING amulet of regeneration.
 21607 | Orc:2    | 21607 ||| DROPPING ring of ice.
 21811 | Swamp:1  | Entered Level 1 of the Swamp
 21812 | Swamp:1  | 21812 ||| INVOKING Heroism.
 21816 | Swamp:1  | 21816 ||| SWAPPING to +5 morningstar of Qilohuqoth {freeze,
                  | rElec}.
 21820 | Swamp:1  | 21820 ||| UPGRADING to +7 spectral war axe.
 21828 | Swamp:1  | Received a gift from Okawaru
 21836 | Swamp:1  | 21836 ||| INVOKING Finesse.
 21839 | Swamp:1  | 21839 ||| Stepping ~*~*~tactically~*~*~ (hiding).
 21840 | Swamp:1  | 21840 ||| Stepping ~*~*~tactically~*~*~ (hiding).
 21841 | Swamp:1  | 21841 ||| INVOKING Heroism.
 21842 | Swamp:1  | 21842 ||| SWAPPING to +5 morningstar of Qilohuqoth {freeze,
                  | rElec}.
 21849 | Swamp:1  | 21849 ||| Stepping ~*~*~tactically~*~*~ (hiding).
 21882 | Swamp:1  | 21882 ||| UPGRADING to +7 spectral war axe.
 21894 | Swamp:1  | 21894 ||| Stepping ~*~*~tactically~*~*~ (stealth).
 21936 | Swamp:1  | Noticed a thorn hunter
 21937 | Swamp:1  | 21937 ||| INVOKING Heroism.
 21945 | Swamp:1  | Killed a thorn hunter
 21989 | Swamp:1  | 21989 ||| INVOKING Heroism.
 22061 | Swamp:1  | 22061 ||| Stepping ~*~*~tactically~*~*~ (stealth).
 22178 | Swamp:1  | 22178 ||| INVOKING Heroism.
 22179 | Swamp:1  | 22179 ||| INVOKING Finesse.
 22180 | Swamp:1  | Received a gift from Okawaru
 22321 | Swamp:2  | 22321 ||| INVOKING Heroism.
 22331 | Swamp:2  | Reached XP level 16. HP: 80/103 MP: 21/23
 22407 | Swamp:2  | 22407 ||| READING scroll of enchant weapon.
 22407 | Swamp:2  | 22407 ||| ENCHANTING +7 spectral war axe.
 22467 | Swamp:2  | 22467 ||| Stepping ~*~*~tactically~*~*~ (hiding).
 22595 | Swamp:2  | 22595 ||| INVOKING Heroism.
 22611 | Swamp:2  | 22611 ||| Stepping ~*~*~tactically~*~*~ (cloud).
 22775 | Swamp:2  | 22775 ||| Stepping ~*~*~tactically~*~*~ (cloud).
 22822 | Swamp:2  | 22822 ||| Stepping ~*~*~tactically~*~*~ (stealth).
 22827 | Swamp:2  | 22827 ||| Stepping ~*~*~tactically~*~*~ (stealth).
 22835 | Swamp:2  | 22835 ||| Stepping ~*~*~tactically~*~*~ (stealth).
 22836 | Swamp:2  | 22836 ||| Stepping ~*~*~tactically~*~*~ (stealth).
 22843 | Swamp:2  | 22843 ||| INVOKING Heroism.
 22855 | Swamp:2  | 22855 ||| INVOKING Finesse.
 22864 | Swamp:2  | 22864 ||| SWAPPING to +5 morningstar of Qilohuqoth {freeze,
                  | rElec}.
 22866 | Swamp:2  | Reached skill level 12 in Armour
 22866 | Swamp:2  | 22866 ||| UPGRADING to +8 spectral war axe.
 22959 | Swamp:2  | 22959 ||| INVOKING Heroism.
 22963 | Swamp:2  | Received a gift from Okawaru
 23123 | Swamp:3  | 23123 ||| INVOKING Heroism.
 23128 | Swamp:3  | 23128 ||| SWAPPING to +5 morningstar of Qilohuqoth {freeze,
                  | rElec}.
 23265 | Swamp:3  | 23265 ||| UPGRADING to +8 spectral war axe.
 23363 | Swamp:3  | Noticed a tentacled monstrosity
 23367 | Swamp:3  | Noticed a thorn hunter
 23368 | Swamp:3  | Noticed a tentacled monstrosity
 23369 | Swamp:3  | Found a runed translucent gate.
 23369 | Swamp:3  | Found a runed translucent gate.
 23369 | Swamp:3  | Noticed Matygoc's ghost (adept HaSk)
 23371 | Swamp:3  | Found a runed translucent gate.
 23372 | Swamp:3  | Noticed a fenstrider witch
 23372 | Swamp:3  | Identified the amulet "Ysanol" {Faith Str+4 Dex+3 Slay+2
                  | Stlth-}
 23503 | Swamp:3  | 23503 ||| Stepping ~*~*~tactically~*~*~ (hiding).
 23504 | Swamp:3  | 23504 ||| Stepping ~*~*~tactically~*~*~ (hiding).
 23634 | Swamp:3  | 23634 ||| FLEEEEING.
 23639 | Swamp:3  | Received a gift from Okawaru
 23961 | Swamp:3  | 23961 ||| INVOKING Heroism.
 23965 | Swamp:3  | 23965 ||| SWAPPING to +5 morningstar of Qilohuqoth {freeze,
                  | rElec}.
 23967 | Swamp:3  | 23967 ||| UPGRADING to +8 spectral war axe.
 23991 | Swamp:3  | Received a gift from Okawaru
 24113 | Swamp:3  | 24113 ||| DROPPING 4 silver boomerangs.
 24114 | Swamp:3  | 24114 ||| PLANNING SNAKE:1-3
 24114 | Swamp:3  | 24114 ||| DROPPING 20 boomerangs.
 24214 | Snake:1  | Entered Level 1 of the Snake Pit
 24380 | Snake:1  | 24380 ||| FLEEEEING.
 24381 | Snake:1  | 24381 ||| FLEEEEING.
 24382 | Snake:1  | 24382 ||| FLEEEEING.
 24383 | Snake:1  | 24383 ||| FLEEEEING.
 24384 | Snake:1  | 24384 ||| FLEEEEING.
 24394 | Snake:1  | 24394 ||| Stepping ~*~*~tactically~*~*~ (stealth).
 24735 | Snake:1  | 24735 ||| Stepping ~*~*~tactically~*~*~ (stealth).
 24775 | Snake:1  | Received a gift from Okawaru
 24807 | Snake:1  | 24807 ||| Stepping ~*~*~tactically~*~*~ (hiding).
 24929 | Snake:1  | 24929 ||| Stepping ~*~*~tactically~*~*~ (hiding).
 24934 | Snake:1  | Noticed Rupert
 24935 | Snake:1  | 24935 ||| INVOKING Heroism.
 24936 | Snake:1  | 24936 ||| INVOKING Finesse.
 24944 | Snake:1  | Killed Rupert
 25061 | Snake:1  | Reached skill level 15 in Fighting
 25064 | Snake:1  | 25064 ||| INVOKING Heroism.
 25072 | Snake:1  | 25072 ||| Stepping ~*~*~tactically~*~*~ (hiding).
 25098 | Snake:1  | 25098 ||| Stepping ~*~*~tactically~*~*~ (stealth).
 25106 | Snake:1  | 25106 ||| Stepping ~*~*~tactically~*~*~ (stealth).
 25165 | Snake:1  | 25165 ||| READING scroll of enchant armour.
 25165 | Snake:1  | 25165 ||| ENCHANTING +1 plate armour of fire resistance.
 25194 | Snake:1  | 25194 ||| Stepping ~*~*~tactically~*~*~ (stealth).
 25196 | Snake:1  | 25196 ||| Stepping ~*~*~tactically~*~*~ (stealth).
 25201 | Snake:1  | Reached XP level 17. HP: 113/113 MP: 24/24
 25208 | Snake:1  | Identified the +0 buckler "Vuuhueges" {Stlth+} (Okawaru
                  | gifted it to you on level 1 of the Snake Pit)
 25208 | Snake:1  | Received a gift from Okawaru
 25385 | Snake:1  | 25385 ||| Stepping ~*~*~tactically~*~*~ (hiding).
 25498 | Snake:1  | 25498 ||| Stepping ~*~*~tactically~*~*~ (hiding).
 25505 | Snake:1  | 25505 ||| INVOKING Heroism.
 25599 | Snake:1  | Identified the +1 robe of the Green God {rF+++ rN+ Regen+
                  | Int-4}
 25792 | Snake:1  | 25792 ||| READING scroll of enchant armour.
 25792 | Snake:1  | 25792 ||| ENCHANTING +2 plate armour of fire resistance.
 25849 | Snake:1  | 25849 ||| DROPPING +2 plate armour.
 26047 | Snake:2  | 26047 ||| Stepping ~*~*~tactically~*~*~ (stealth).
 26049 | Snake:2  | 26049 ||| Stepping ~*~*~tactically~*~*~ (hiding).
 26239 | Snake:2  | 26239 ||| INVOKING Heroism.
 26352 | Snake:2  | Reached skill level 15 in Shields
 26882 | Snake:2  | 26882 ||| UPGRADING to amulet of faith.
 26935 | Snake:3  | Noticed Mara
 26936 | Snake:3  | 26936 ||| INVOKING Heroism.
 26937 | Snake:3  | 26937 ||| INVOKING Finesse.
 26939 | Snake:3  | Noticed qw's illusion
 26946 | Snake:3  | Killed Mara
 26965 | Snake:3  | 26965 ||| Stepping ~*~*~tactically~*~*~ (hiding).
 26966 | Snake:3  | 26966 ||| Stepping ~*~*~tactically~*~*~ (hiding).
 26967 | Snake:3  | 26967 ||| Stepping ~*~*~tactically~*~*~ (hiding).
 27050 | Snake:3  | 27050 ||| Stepping ~*~*~tactically~*~*~ (hiding).
 27081 | Snake:3  | 27081 ||| INVOKING Heroism.
 27184 | Snake:3  | Identified the +10 broad axe of the Other Side {protect,
                  | Fly Str+4 Dex-5}
 27186 | Snake:3  | 27186 ||| UPGRADING to +10 broad axe of the Other Side
                  | {protect, Fly Str+4 Dex-5}.
 27187 | Snake:3  | 27187 ||| DROPPING +8 spectral war axe.
 27196 | Snake:3  | 27196 ||| INVOKING Heroism.
 27338 | Snake:3  | Found a transporter.
 27339 | Snake:3  | Found a transporter.
 27391 | Snake:3  | Found a transporter.
 27401 | Snake:3  | Found a transporter.
 27540 | Snake:3  | 27540 ||| INVOKING Heroism.
 27547 | Snake:3  | 27547 ||| Stepping ~*~*~tactically~*~*~ (hiding).
 27556 | Snake:3  | Noticed Saint Roka
 27566 | Snake:3  | 27566 ||| INVOKING Heroism.
 27577 | Snake:3  | Killed Saint Roka
 27774 | Snake:3  | 27774 ||| Stepping ~*~*~tactically~*~*~ (stealth).
 27833 | Snake:3  | 27833 ||| Stepping ~*~*~tactically~*~*~ (hiding).
 27836 | Snake:3  | 27836 ||| Stepping ~*~*~tactically~*~*~ (hiding).
 27845 | Snake:3  | 27845 ||| INVOKING Heroism.
 27846 | Snake:3  | 27846 ||| Stepping ~*~*~tactically~*~*~ (hiding).
 27847 | Snake:3  | 27847 ||| Stepping ~*~*~tactically~*~*~ (hiding).
 28142 | Snake:3  | Noticed Louise
 28157 | Abyss:3  | Cast into level 3 of the Abyss (Louise)
 28234 | Abyss:3  | 28234 ||| Stepping ~*~*~tactically~*~*~ (stealth).
 28268 | Abyss:3  | 28268 ||| Stepping ~*~*~tactically~*~*~ (stealth).
 28287 | Abyss:3  | 28287 ||| Stepping ~*~*~tactically~*~*~ (stealth).
 28293 | Abyss:3  | 28293 ||| Stepping ~*~*~tactically~*~*~ (stealth).
 28294 | Abyss:3  | 28294 ||| Stepping ~*~*~tactically~*~*~ (stealth).
 28295 | Abyss:3  | 28295 ||| Stepping ~*~*~tactically~*~*~ (hiding).
 28308 | Abyss:3  | Reached skill level 17 in Axes
 28317 | Abyss:3  | Received a gift from Okawaru
 28330 | Abyss:3  | 28330 ||| Stepping ~*~*~tactically~*~*~ (hiding).
 28331 | Abyss:3  | 28331 ||| Stepping ~*~*~tactically~*~*~ (hiding).
 28361 | Abyss:3  | 28361 ||| Stepping ~*~*~tactically~*~*~ (stealth).
 28364 | Abyss:3  | Noticed a bone dragon
 28365 | Abyss:3  | 28365 ||| Stepping ~*~*~tactically~*~*~ (stealth).
 28388 | Abyss:3  | 28388 ||| INVOKING Heroism.
 28390 | Abyss:3  | Killed a bone dragon
 28391 | Abyss:3  | HP: 23/92 [starcursed mass/accursed screaming (8)]
 28393 | Abyss:3  | HP: 7/92 [wretched star/lance of force (16)]
 28397 | Abyss:3  | Killed from afar by a starcursed mass

Levels and vault maps discovered:
D:1:      dpeg_arrival_morbid_curiosity, layout_basic
D:2:      layout_basic, serial_shops, shop,
          dreamdust_ecumenical_altar_angels_and_demons, minmay_tripent
D:3:      layout_rooms, biasface_ghost_orc_armoury, serial_shops, shop,
          nicolae_the_louvre
D:4:      minmay_angry_zag, layout_basic, temple_fountains,
          gammafunk_ghost_necromancy, minmay_checkerbox
D:5:      layout_gridville, mainiacjoe_overflow_catch_the_wave,
          grunt_ministairs_6, grunt_decor_fettered,
          amcnicky_mini_rare_corridor_liquid
D:6:      layout_basic, cheibrodos_sewer_entry_drain, uniq_pikel, uniq_edmund,
          uniq_blork_the_orc
D:7:      cheibrodos_fzero, layout_layer_cave, grunt_ministairs_1,
          kennysheep_generic_room_9, uniq_crazy_yiuf_cottage
D:8:      layout_loops_cross, dpeg_oklobed_lair, enter_bailey_5,
          columned_hall_lemuel
D:9:      cheibrodos_wizards_tower, layout_long_grid, grunt_ministairs_5
D:10:     layout_loops_cross, uniq_joseph, uniq_sonja, uniq_snorg
D:11:     layout_loops_corners, zombieorc2_lemuel, minmay_ruined_shrine
D:12:     layout_long_grid, serial_shops, nicolae_lakefront_shop
D:13:     layout_cave_pools, david_vaults_2, nicolae_kikubaaqudgha_miasma_corner
D:14:     layout_rooms, okawaru_gym_becter, grunt_dithmenos_smoke_and_mirrors,
          uniq_jorgrun
D:15:     gammafunk_depths_entry_grave, layout_gridville,
          nicolae_trove_entry_crystal, serial_bayou_pond_c,
          fake_guardian_serpent_vault
Temple:   nicolae_temple_slightly_damp_pantheon
Lair:1:   layout_loops_ring, ebering_ghost_xom
Lair:2:   hellmonk_destroyed_diamonds, layout_cave_shapes,
          portal_ice_cave_entry_imps
Lair:3:   layout_regular_city, minmay_swamp_entry_worms,
          guppyfry_snake_entry_island, gammafunk_ghost_ooze, basic_altar
Lair:4:   layout_small_grid, slime_entry_2, basic_altar, roderic_batcave
Lair:5:   hangedman_lair_tendril_chambers, layout_long_grid,
          guppyfry_lair_end_dragon, basic_altar, gauntlet_entry_generic
Swamp:1:  layout_basic_swamp, evilmike_swamp_ruin_house_5
Swamp:2:  layout_basic_swamp, nicolae_swamp_dense_foliage, swamp_pool4
Swamp:3:  layout_basic_swamp, gammafunk_ghost_split, nicolae_swamp_treefoil,
          swamp_pool1, hangedman_swamp_wriggling
Snake:1:  hangedman_cross_veins, layout_concentric_octagons, grunt_megastairs_4,
          serial_bayou_shore_a, uniq_rupert
Snake:2:  layout_layer_cave
Snake:3:  layout_onion_interference, serial_nicolae_subway,
          nicolae_sub_station_stone, nicolae_sub_station_metal,
          nicolae_sub_station_crystal, uniq_mara, uniq_louise, uniq_saint_roka
Orc:1:    layout_caves, guppyfry_library_mini
Orc:2:    st_orc_mages, layout_diamond_mine, basic_altar, serial_shops,
          shop_coins
Abyss:3:  base: IceCv, minivault_23, minivault_23,
          guppyfry_abyss_exit_imp_island, hangedman_abyss_or_decor_clamps

Skill      XL: |  1  2  3  4  5  6  7  8  9 10 11 12 13 14 15 16 17 |
---------------+----------------------------------------------------+-----
Axes           | 2 3 4 5 6 7 9 10 11 12 14 15 16 17 | 17.2
Fighting       | 4 5 6 8 9 10 12 15 | 15.9
Dodging        | 1 3 4 5 |  5.0
Invocations    | 3 4 6 10 | 10.0
Throwing       | 1 2 3 5 6 7 |  7.0
Shields        | 7 8 9 10 11 12 13 14 15 | 15.0
Armour         | 4 5 6 8 9 11 12 13 | 13.0

Action                     |  1- 3 |  4- 6 |  7- 9 | 10-12 | 13-15 | 16-18 || total
---------------------------+-------+-------+-------+-------+-------+-------++-------
  Melee: War axe           |   122 |   185 |   228 |   457 |   644 |   339 ||  1975
         Morningstar       |       |       |       |    25 |    32 |    25 ||    82
         Broad axe         |       |       |       |       |       |   189 ||   189
  Throw: Boomerang         |       |     6 |    33 |    38 |    12 |       ||    89
         Javelin           |       |       |       |   105 |   241 |    62 ||   408
 Invoke: Heroism           |       |     1 |    10 |    22 |    31 |    16 ||    80
         Finesse           |       |       |       |       |    11 |     3 ||    14
    Use: Scroll            |       |    11 |    10 |    14 |     4 |     3 ||    42
         Potion            |       |     4 |       |     1 |       |       ||     5
   Stab: Distracted        |       |       |       |     2 |    14 |     6 ||    22
 Armour: Scale mail        |    70 |    38 |       |       |       |       ||   108
         Chain mail        |       |    63 |    80 |   175 |       |       ||   318
         Plate armour      |       |       |       |    10 |   250 |   248 ||   508
  Dodge: Dodged            |    60 |    72 |    91 |   171 |   116 |   128 ||   638
  Block: Buckler           |    13 |    44 |    17 |       |       |       ||    74
         Kite shield       |       |       |    88 |   246 |   270 |   316 ||   920
         Reflection        |       |       |       |       |     2 |    19 ||    21

Table legend:
 A = Non-vault XP
 B = Vault XP
 C = Vault XP percentage of total XP
 D = Non-vault monster count
 E = Vault monster count
 F = Vault count percentage of total count
                 A         B        C        D         E       F
            +---------+---------+-------+---------+---------+-------
      Total |  170289 |   66263 |  28.0 |     660 |     320 |  32.7
            +---------+---------+-------+---------+---------+-------
        D:1 |      40 |       6 |  13.0 |      27 |       3 |  10.0
        D:2 |     165 |       1 |   0.6 |      32 |       1 |   3.0
        D:3 |      78 |       0 |   0.0 |      16 |       0 |   0.0
        D:4 |     100 |     159 |  61.4 |       9 |       8 |  47.1
        D:5 |    1009 |     133 |  11.6 |      21 |       2 |   8.7
        D:6 |     942 |     947 |  50.1 |      16 |       6 |  27.3
        D:7 |     733 |    2222 |  75.2 |      17 |      21 |  55.3
        D:8 |    1916 |       8 |   0.4 |      17 |       4 |  19.0
        D:9 |    3470 |     844 |  19.6 |      23 |      10 |  30.3
       D:10 |    1804 |    2207 |  55.0 |      30 |       3 |   9.1
       D:11 |    2978 |    4995 |  62.6 |      25 |      45 |  64.3
       D:12 |    5165 |       0 |   0.0 |      15 |       0 |   0.0
       D:13 |    2287 |     627 |  21.5 |       7 |       3 |  30.0
       D:14 |    5083 |    1822 |  26.4 |       9 |       1 |  10.0
       D:15 |   12760 |    5226 |  29.1 |      36 |       9 |  20.0
     Lair:1 |    3811 |       0 |   0.0 |      23 |       0 |   0.0
     Lair:2 |    2470 |     126 |   4.9 |       6 |      12 |  66.7
     Lair:3 |    2728 |     896 |  24.7 |      13 |       4 |  23.5
     Lair:4 |    4004 |      69 |   1.7 |      19 |       9 |  32.1
     Lair:5 |   15054 |   13220 |  46.8 |      41 |      49 |  54.4
    Swamp:1 |   12571 |       0 |   0.0 |      21 |       0 |   0.0
    Swamp:2 |   16654 |       0 |   0.0 |      33 |       0 |   0.0
    Swamp:3 |    8515 |    1530 |  15.2 |      15 |       7 |  31.8
    Snake:1 |   19079 |   13824 |  42.0 |      39 |      23 |  37.1
    Snake:2 |   11366 |       0 |   0.0 |      21 |       0 |   0.0
    Snake:3 |   20888 |    8491 |  28.9 |      38 |      13 |  25.5
      Orc:1 |    3053 |     414 |  11.9 |      37 |       8 |  17.8
      Orc:2 |    2721 |    4722 |  63.4 |      36 |      41 |  53.2
    Abyss:3 |    8845 |       0 |   0.0 |      18 |       0 |   0.0
      Sewer |       0 |     128 | 100.0 |       0 |      25 | 100.0
   Gauntlet |       0 |    3646 | 100.0 |       0 |      13 | 100.0
            +---------+---------+-------+---------+---------+-------
